AoeStats
← regular.victor

Arena

509927382Analyzed
1v1 RM · 4d ago on Sep 28, 2026· 117m 10s· 2 players
Game mode
Random Map
Map size
Tiny (2 player)
Population
200
Speed
Normal
Resources
Standard
Victory
Conquest
Starting age
Dark Age
Ending age
Imperial Age
RankedLock teamsTeams togetherTeam positionsShared explorationLock speedFull tech treeHidden civsTurbo modeCheats
Victory
Defeat
🇷🇴 Franks · Romania
297
+20
🇬🇧 Persians · United Kingdom
377
-20
regular.victor
11:38 Feudal Age
9:54 Loom
12:29 Double-Bit Axe
15:34 Stone Mining
17:56 Castle Age
16:57 Fletching
20:18 Scale Mail Armor
25:50 Forging
26:22 Elite Skirmisher
29:19 Gold Mining
29:26 Arson
31:35 Bow Saw
31:31 Padded Archer Armor
33:40 Pikeman
39:35 Squires
45:11 Murder Holes
46:37 Gold Shaft Mining
50:36 Imperial Age
49:00 Chain Mail Armor
49:21 Iron Casting
50:48 Cavalier
52:06 Hoardings
51:57 Conscription
51:44 Bodkin Arrow
52:29 Ballistics
53:22 Husbandry
52:52 Cranequins
55:41 Halberdier
56:00 Ordonnance Companies
59:10 Chemistry
57:51 Treadmill Crane
58:22 Masonry
61:09 Elite Throwing Axeman
70:22 Blast Furnace
69:53 Plate Mail Armor
69:30 Scale Barding Armor
70:37 Leather Archer Armor
70:28 Siege Engineers
70:55 Architecture
71:37 Chivalry
71:46 Chivalry
71:49 Arrowslits
72:15 Fortified Wall
86:14 Chain Barding Armor
88:51 Plate Barding Armor
98:45 Wheelbarrow
97:56 Town Watch
Comfortably Dumb
7:26 Loom
11:19 Feudal Age
12:07 Double-Bit Axe
12:04 Horse Collar
12:24 Gold Mining
20:02 Stone Mining
20:56 Town Watch
25:24 Castle Age
26:39 Gold Shaft Mining
27:45 Heavy Plow
27:59 Bow Saw
28:46 Fletching
29:35 Bodkin Arrow
29:42 Scale Mail Armor
30:40 Town Patrol
33:01 Padded Archer Armor
34:09 Wheelbarrow
34:12 Thumb Ring
34:57 Hand Cart
34:41 Elite Skirmisher
38:39 Imperial Age
37:23 Light Cavalry
38:14 Bloodlines
38:20 Bloodlines
38:13 Husbandry
38:49 Chain Mail Armor
38:42 Scale Barding Armor
38:48 Forging
40:04 Plate Mail Armor
40:05 Ballistics
39:29 Pikeman
40:12 Squires
43:56 Elite War Elephant
46:55 Masonry
46:25 Crossbowman
47:22 Citadels
46:50 Halberdier
48:09 Kamandaran
48:32 Conscription
52:38 Murder Holes
53:14 Architecture
61:31 Chain Barding Armor
61:47 Iron Casting
64:32 Heavy Camel Rider
66:17 Blast Furnace
65:54 Plate Barding Armor
71:35 Leather Archer Armor
80:14 Chemistry
83:20 Ring Archer Armor
Connection lost

Rejoining the realm…

Still unreachable

The connection could not be restored.

Session expired

The server has moved on; the page needs a fresh start.